 Dungeon Crawl Stone Soup version 0.19-a0-1513-gf6d23ed (webtiles) character file.

74 jacquesderrida the Insei (level 4, -2/25 HPs)
             Began as a Vine Stalker Wanderer on Sept 12, 2016.
             Was a Follower of Cheibriados.
             Slain by a crocodile (10 damage)
             ... in a sewer.
             The game lasted 00:04:31 (950 turns).

jacquesderrida the Insei (Vine Stalker Wanderer)     Turns: 950, Time: 00:04:32

Health: -2/25      AC:  7    Str: 13 (15) XL:     4   Next: 30%
Magic:  0/5        EV: 13    Int: 17 (19) God:    Cheibriados [*.....]
Gold:   62         SH:  0    Dex: 20 (21) Spells: 0 memorised, 3 levels left

rFire  . . .     SeeInvis .     k - +2 dagger (flame)
rCold  . . .     Gourm    .     i - +0 scale mail
rNeg   + . .     Faith    .     (no shield)
rPois  .         Spirit   +     (no helmet)
rElec  .         Dismiss  .     (no cloak)
rCorr  .         Reflect  .     n - +0 pair of gloves
MR     .....     Harm     .     (no boots)
Stlth  ++........               (no amulet)
                                (no ring)
                                o - ring of positive energy

@: agile, very slow
A: fangs 2, regeneration 1, magic shield, antimagic bite, no device heal 3, rot
immunity
a: Bend Time, Renounce Religion


You were in a sewer.
You worshipped Cheibriados.
Cheibriados was aware of your devotion.
You were not hungry.

You visited 1 branch of the dungeon, and saw 4 of its levels.
You also visited: Sewer.

You collected 62 gold pieces.

Inventory:

Hand Weapons
 a - a +2 dagger
 c - a +0 mace
 k - a +2 dagger of flaming (weapon)
Missiles
 h - 2 throwing nets (quivered)
Armour
 e - a +0 robe
 i - a +0 scale mail (worn)
 n - a +0 pair of gloves (worn)
Jewellery
 o - a ring of positive energy (left hand)
 v - an uncursed amulet of dismissal
Scrolls
 g - 4 scrolls of identify {unknown}
 m - 2 scrolls of remove curse
 p - a scroll of blinking {unknown}
 q - 2 scrolls of fear {unknown}
 r - a scroll of recharging {unknown}
 s - a scroll of fog {unknown}
 t - a scroll of magic mapping {unknown}
Potions
 b - 2 potions of haste
 d - a potion of curing
 u - a potion of degeneration
Comestibles
 f - a bread ration
 j - 2 meat rations


   Skills:
 - Level 3.6 Fighting
 - Level 2.6 Maces & Flails
 - Level 1.0 Armour
 - Level 2.4 Stealth
 + Level 3.8 Unarmed Combat


You had 3 spell levels left.
You didn't know any spells.

Dungeon Overview and Level Annotations

Branches:
Dungeon (4/15)
 Temple: D:4-7

Altars:
Cheibriados


Innate Abilities, Weirdness & Mutations

You have extremely sharp teeth.
Your natural rate of healing is unusually fast.
When hurt, damage is shared between your health and your magic reserves.
Your bite disrupts and absorbs the magic of your enemies.
Potions and wands cannot restore your health.
You are immune to rotting.


Message History

You hit the crocodile. You burn the crocodile.
The crocodile is lightly wounded.
The crocodile barely misses you.
You closely miss the crocodile.
You bite the crocodile, but do no damage.
The crocodile is lightly wounded.
The crocodile misses you.
You hit the crocodile. You burn the crocodile.
You bite the crocodile, but do no damage.
The crocodile is moderately wounded.
The crocodile bites you!
* * * LOW HITPOINT WARNING * * *
You hit the crocodile. You burn the crocodile.
You bite the crocodile, but do no damage.
The crocodile is moderately wounded.
The crocodile closely misses you.
You hit the crocodile but do no damage. Your bite misses the crocodile.
The crocodile is moderately wounded.
The crocodile bites you!
You die...

#### # ..≈.## # #%
### ≈≈...### #
$.##.. #.....### #
###.≈≈≈ #≈..≈.###
#...≈..##
##..≈....
#..≈..###
###...≈.###
#.t@..####...≈.###
# ###...≈..≈...###
# ###......### #
########


You could see a crocodile.

Vanquished Creatures
  An adder (D:3)
  A dart slug (D:1)
  2 giant geckos (D:4)
  9 orcs (D:3)
  3 giant cockroaches
  6 goblins
  4 hobgoblins
  2 jackals (Sewer)
  A quokka (D:2)
  2 ball pythons (D:2)
  2 bats
  A giant newt (D:3)
  10 kobolds
  4 rats
48 creatures vanquished.

Notes
Turn   | Place    | Note
-------+----------+-------------------------------------------
     0 | D:1      | jacquesderrida the Vine Stalker Wanderer began the quest for the Orb.
     0 | D:1      | jacquesderrida set off with: a +2 dagger, a potion of haste, a +0 mace, a potion of curing, a +0 robe, a bread ration
     0 | D:1      | Reached XP level 1. HP: 12/12 MP: 2/2
    66 | D:1      | Reached skill level 1 in Unarmed Combat
   155 | D:1      | Reached XP level 2. HP: 13/16 MP: 3/3
   315 | D:1      | Found a snail-covered altar of Cheibriados.
   354 | D:1      | Became a worshipper of Cheibriados the Contemplative
   548 | D:3      | Reached XP level 3. HP: 15/20 MP: 4/4
   625 | D:3      | Reached * piety under Cheibriados
   630 | D:3      | Found a faded altar of an unknown god.
   685 | D:3      | Gained mutation: Your natural rate of healing is unusually fast. [Vine Stalker growth]
   685 | D:3      | Reached XP level 4. HP: 10/25 MP: 2/5
   881 | D:4      | Found a glowing drain.
   885 | Sewer    | Entered a sewer
   940 | Sewer    | Noticed a crocodile
   950 | Sewer    | Slain by a crocodile

Vault maps used:
D:1:      kilobyte_arrival_exit_the_forest, kennysheep_doodads,
          cheibriados_altar_1
D:2:      nicolae_underground_beach
D:3:      ecumenical_altar_1
D:4:      gup_sewer_entry_bowl, first_bread
Sewer:    sewer_the_crocodile

Skill      XL: |  1  2  3 |
---------------+----------+-----
Unarmed Combat | 1 2 3 |  3.8
Fighting       | |  3.6
Maces & Flails | |  2.6
Armour         | |  1.0
Stealth        | |  2.4

Action                   |  1- 3 |  4- 6 || total
-------------------------+-------+-------++-------
Melee: Dagger            |   106 |    47 ||   153
       Bite              |    12 |    10 ||    22
       Punch             |     1 |     1 ||     2
  Use: Scroll            |     1 |       ||     1
       Potion            |       |     2 ||     2
 Stab: Sleeping          |     1 |       ||     1
Armor: Scale mail        |    46 |    29 ||    75
       Robe              |     1 |       ||     1
Dodge: Dodged            |    40 |    19 ||    59
